 Dungeon Crawl Stone Soup version 0.13.1-2-gfb2c2b7 (webtiles) character file.

390 Lilouch the Firebug (level 6, 0/45 HPs)
             Began as a Hill Orc Fire Elementalist on Dec 3, 2013.
             Slain by a manticore (2 damage)
             ... on Level 4 of the Dungeon.
             The game lasted 00:17:32 (3921 turns).

Lilouch the Firebug (Hill Orc Fire Elementalist)    Turns: 3921, Time: 00:17:32

HP   0/45        AC 15     Str 11      XL: 6   Next:  6%
MP   0/11        EV 11     Int 20      God:
Gold 155         SH  9     Dex 11      Spells:  2 memorised,  5 levels left

Res.Fire  : . . .   See Invis. : .   I - +1,+0 orc flail (protect)
Res.Cold  : . . .   Warding    : .   t - +0 robe
Life Prot.: . . .   Conserve   : .   G - +0 dwarf buckler (curse)
Res.Poison: .       Res.Corr.  : .   r - +0 helmet
Res.Elec. : .       Clarity    : .   F - +2 cloak
Sust.Abil.: . .     Spirit.Shd : .   (no gloves)
Res.Mut.  : .       Stasis     : .   w - +0 pair of boots
Res.Rott. : .       Flight     : .   (no amulet)
Saprovore : + . .                    z - +3 ring of protection
                                     s - +3 ring of intelligence

@: slightly resistant to hostile enchantments, unstealthy
A: saprovore 1
a: no special abilities


You were on level 4 of the Dungeon.
You were hungry.

You visited 1 branch of the dungeon, and saw 4 of its levels.

You collected 135 gold pieces.

Inventory:

Hand weapons
 g - a +0,+0 whip
 l - a +1,+2 spear
 n - a +3,+0 elven anti-magic dagger
 E - a +0,+0 sling
 I - a +1,+0 orcish flail of protection (weapon)
 L - a -1,+0 orcish club of chaos
 O - a +2,+0 orcish spear of chaos
Missiles
 f - 82 stones (quivered)
 h - 10 darts of flame
 y - 72 sling bullets
Armour
 r - a +0 helmet (worn)
 t - a +0 robe (worn)
 w - a +0 pair of boots (worn)
 F - a +2 cloak (worn)
 G - a cursed +0 dwarven buckler (worn)
Magical devices
 J - a wand of random effects (12)
Comestibles
 c - a meat ration
 i - 3 bread rations
 k - 2 chunks of worker ant flesh
 m - a rotting chunk of bat flesh
 A - 2 rotting chunks of hound flesh
 C - a choko
 N - 4 pears
Scrolls
 a - 4 scrolls of identify {unknown}
 d - a scroll of enchant weapon II {unknown}
 e - 7 scrolls of teleportation {unknown}
 j - 9 scrolls of remove curse {unknown}
 o - 2 scrolls of recharging {unknown}
 p - a scroll of magic mapping {unknown}
 q - a scroll of curse jewellery {unknown}
 x - a scroll of fog {unknown}
 B - a scroll of enchant armour {unknown}
 D - 3 scrolls of random uselessness {unknown}
 K - 2 scrolls of fear {unknown}
Jewellery
 s - a +3 ring of intelligence (left hand)
 z - a +3 ring of protection (right hand)
Potions
 u - a potion of confusion {unknown}
 v - a potion of poison {unknown}
 H - a potion of degeneration {unknown}
 M - a potion of resistance {unknown}
Books
 b - a book of Flames

   Spells                             Type                      Level
   *Flame Tongue                      Conjuration/Fire             1
   Throw Flame                        Conjuration/Fire             2
   *Conjure Flame                     Conjuration/Fire             3
   Inner Flame                        Hexes/Fire                   3
   Sticky Flame                       Conjuration/Fire             4
   Fireball                           Conjuration/Fire             5


   Skills:
 - Level 1.5 Dodging
 - Level 1.5 Stealth
 * Level 2.6 Shields
 + Level 2.0 Spellcasting
 + Level 2.4 Conjurations
 + Level 5.2 Fire Magic


You had 5 spell levels left.
You knew the following spells:

 Your Spells              Type           Power        Failure   Level  Hunger
a - Flame Tongue          Conj/Fire      ###..        3%          1    #......
b - Conjure Flame         Conj/Fire      ###.....     12%         3    ###....


Dungeon Overview and Level Annotations

Branches:
Dungeon (4/27)
 Temple: D:4-7

Altars:
Xom


Innate Abilities, Weirdness & Mutations

You can tolerate rotten meat.


Message History

Aiming: Flame Tongue
Press: ? - help, Shift-Dir - straight line, f/p - manticore
Aim: a manticore (severely wounded)
The flame hits the manticore.
The manticore is almost dead.
The manticore flicks its tail!
The volley of spikes hits you!
You closely miss the manticore.
The manticore is almost dead.
The manticore flicks its tail!
You block the volley of spikes.
You barely miss the manticore.
The manticore is almost dead.
The manticore bites you but does no damage.
The manticore claws you.
* * * LOW HITPOINT WARNING * * *
The manticore claws you!
* * * LOW HITPOINT WARNING * * *
You barely miss the manticore.
The manticore is almost dead.
The manticore bites you.
You die...

....## ##.##
#.#.#.##.# .. ...##
#.# #.....##.# .
..##
#.###########.#.##.#
+# #.#......#
#.#.##.#
#######........#
#.#.##.#
#.....H#...##..#
#......#
#.#####....##..#
###.####
......##....##..# .#
#.......##@.# .H
####.....H..# #
........####.##
#####.## #.# #.. ..#
### ####


You could see a manticore.

Vanquished Creatures
  An orc priest (D:3)
  A hound (D:4)
  A worker ant (D:4)
  Ijyb (D:3)
  4 adders
  2 worms
  5 giant geckos
  10 orcs (D:3)
  6 giant cockroaches
  10 goblins
  6 hobgoblins
  4 jackals (D:2)
  A quokka (D:3)
  8 bats
  7 giant newts
  7 kobolds
  9 rats
83 creatures vanquished.

Notes
Turn   | Place    | Note
--------------------------------------------------------------
     0 | D:1      | Lilouch, the Hill Orc Fire Elementalist, began the quest for the Orb.
     0 | D:1      | Reached XP level 1. HP: 14/14 MP: 3/3
   256 | D:1      | Reached XP level 2. HP: 12/20 MP: 1/4
   696 | D:1      | Reached skill level 4 in Fire Magic
  1168 | D:1      | Reached XP level 3. HP: 26/26 MP: 3/6
  2090 | D:2      | Reached XP level 4. HP: 33/33 MP: 2/7
  2428 | D:3      | Reached skill level 1 in Shields
  2692 | D:3      | Reached XP level 5. HP: 34/38 MP: 6/9
  2839 | D:3      | Reached skill level 5 in Fire Magic
  2870 | D:3      | Noticed Ijyb
  2879 | D:3      | Killed Ijyb
  3304 | D:3      | Found a shimmering altar of Xom.
  3747 | D:4      | Reached XP level 6. HP: 45/45 MP: 6/11
  3858 | D:4      | Noticed a manticore
  3903 | D:4      | Learned a level 3 spell: Conjure Flame
  3920 | D:4      | HP: 2/45 [manticore (7)]
  3921 | D:4      | Slain by a manticore

Action                   |  1- 3 |  4- 6 || total
-------------------------+-------+-------++-------
Melee: Whip              |    24 |    11 ||    35
       Flail             |       |     7 ||     7
 Fire: Sling             |       |    24 ||    24
 Cast: Flame Tongue      |    64 |    88 ||   152
Evoke: Wand              |       |     1 ||     1
  Use: Potion            |       |     2 ||     2
